 Dungeon Crawl Stone Soup version 0.27-a0-1557-g57f10a385c (webtiles) character file.

Game seed: 9904914042903646951

1596 lunkers the Grappler (level 8, 0/61 HPs)
             Began as a Ghoul Warper on July 15, 2021.
             Was a Follower of Cheibriados.
             Killed by divine providence
             ... invoked by an orc priest
              (13 damage)
             ... on level 6 of the Dungeon.
             The game lasted 00:09:59 (6483 turns).

lunkers the Grappler (Ghoul Warper)                 Turns: 6483, Time: 00:10:00

Health: 0/61       AC: 12    Str: 20    XL:     8   Next: 93%
Magic:  9/9        EV: 10    Int: 11    God:    Cheibriados [*.....]
Gold:   278        SH:  0    Dex: 11    Spells: 10/10 levels left

rFire    + . .     SeeInvis .     - Unarmed
rCold    + . .     Faith    .   (no shield)
rNeg     + + +     Spirit   .   q - +1 scale mail {rF+}
rPois    ∞         Reflect  .   (no helmet)
rElec    .         Harm     .   (no cloak)
rCorr    +         Rampage  .   h - +2 pair of gloves
Will     .....                  u - +1 pair of boots
Stlth    ..........             (no amulet)
HPRegen  0.00/turn              w - ring of resist corrosion
MPRegen  0.11/turn              (no ring)

@: very slow
A: claws 1, cold resistance 1, negative energy resistance 3, inhibited
regeneration, torment resistance 2
a: Renounce Religion, Bend Time


You were on level 6 of the Dungeon.
You worshipped Cheibriados.
Cheibriados was aware of your devotion.
You visited 2 branches of the dungeon, and saw 7 of its levels.
You also visited: Sewer.

You collected 278 gold pieces.

Inventory:

Missiles
 c - 4 boomerangs of dispersal
 d - 5 curare-tipped darts
 e - 195 stones (quivered)
 m - 5 boomerangs
Armour
 h - a +2 pair of gloves (worn)
 q - a +1 scale mail of fire resistance (worn)
 u - a +1 pair of boots (worn)
 x - a +3 leather armour
Jewellery
 g - a ring of ice
 r - an amulet of faith
 t - an amulet of magic regeneration
 w - a ring of resist corrosion (left hand)
Wands
 y - a wand of paralysis (7)
Scrolls
 a - 2 scrolls of noise
 k - a scroll of amnesia
 A - a scroll of enchant armour
Potions
 f - 3 potions of curing
 i - 2 potions of heal wounds
 j - a potion of ambrosia {unknown}
 o - a potion of flight
 s - a potion of magic
 z - a potion of lignification {unknown}
 B - a potion of attraction {unknown}


   Skills:
 - Level 2.1 Fighting
 - Level 0.8 Throwing
 - Level 0.8 Armour
 - Level 1.7 Dodging
 * Level 11.9 Unarmed Combat
 - Level 1.7 Spellcasting
 - Level 2.6 Translocations


You had 10 spell levels left.
You didn't know any spells.
Your spell library contained the following spells:

 Spells                   Type           Power      Damage    Failure   Level
 Blink                    Tloc           N/A        N/A       41%         2
 Gell's Gravitas          Tloc           3%         N/A       65%         3
 Lesser Beckoning         Tloc           3%         N/A       65%         3
 Teleport Other           Tloc           6%         N/A       65%         3
 Iskenderun's Mystic Bla  Conj/Tloc      3%         2d3       99%         4
 Fulminant Prism          Conj/Hex       0%         3d6       100%        4
 Lee's Rapid Deconstruct  Erth           0%         3d5*      100%        5
 Manifold Assault         Tloc           6%         N/A       100%        5


Dungeon Overview and Level Annotations

Branches:
Dungeon (6/15)             Temple (1/1) D:4           Sewer (visited)

Altars:
Ashenzari
Cheibriados
Dithmenos
Gozag
Hepliaklqana
Kikubaaqudgha
Makhleb
Okawaru
Qazlal
Ru
Sif Muna
Uskayaw
Wu Jian
Xom
Yredelemnul
Zin
The Shining One

Shops:
D:4 :   D:6 **

Annotations:
D:2 1 runed translucent door, Crazy Yiuf
D:6 3 runed translucent doors, quinnr's ghost, novice TeAE


Innate Abilities, Weirdness & Mutations

You thrive by killing the living.
You are immune to poison.
You have sharp fingernails.
Your flesh is cold resistant. (rC+)
You are immune to negative energy. (rN+++)
You do not regenerate when monsters are visible.
You are immune to unholy pain and torment.


Message History

The ufetubus hits you but does no damage.
You miss the ufetubus.
The ufetubus is heavily wounded.
The ufetubus closely misses you. x2; The jelly closely misses you.
You hit the ufetubus.
The ufetubus is heavily wounded.
The ufetubus hits you but does no damage.
The ufetubus barely misses you. The jelly barely misses you.
You miss the ufetubus.
The ufetubus is heavily wounded.
The ufetubus closely misses you.
The ufetubus hits you but does no damage.
The ufetubus closely misses you.
The ufetubus hits you but does no damage.
The orc priest mumbles some strange prayers to Beogh against you.
Beogh smites you! The ufetubus misses you. The ufetubus barely misses you.
You see here a stone.
You punch the ufetubus!
You kill the ufetubus!
Cheibriados thoroughly appreciates the change of pace.
You punch the scorpion!
The scorpion is severely wounded.
The scorpion stings you.
The orc priest calls down the wrath of Beogh upon you.
Beogh smites you!
* * * LOW HITPOINT WARNING * * *
As you read the scroll labelled ROISMIDADD, it crumbles to dust.
You hear a loud clanging noise!
It was a scroll of noise.
You hear an angry hiss.
You hear a croak.
You hear a shout! x2
The scorpion stings you but does no damage.
Blink to where?
Press: ? - help, Dir - move target
As you read the scroll of blinking, it crumbles to dust.
The orc priest calls down the wrath of Beogh upon you.
Beogh smites you!
* * * LOW HITPOINT WARNING * * *
The orc priest calls down the wrath of Beogh upon you.
Beogh smites you!
You die...

#..... ######## #....)
#......# #######.....
#......####..........#
#......#..........##..
##.......##+++###.....#
###.......##cW$:$##..###.
#.........#.$$_$.∩#......
#.#####.@.#8.$8$.8#...###
#..[##..#.#.....$∩#..##
###.#..##.##.8∩8∩###.#
#.#.###.s####### .#
#...#...........
#.)#####.#J..... ##..#
#.##.........
##..####.o.........
#.................


You could see a scorpion, a jelly and an orc priest.

Vanquished Creatures
  Eustachio (D:4)
  Purgy (Sewer)
  An ice beast (D:5)
  3 ogres
  2 necrophages
  4 scorpions
  A water moccasin skeleton (D:6)
  A centaur zombie (D:6)
  A bullfrog zombie (D:6)
  A jelly (D:4)
  Terence (D:2)
  2 hounds
  3 iguanas
  5 orc wizards
  A hound zombie (D:5)
  A hound skeleton (D:4)
  A howler monkey zombie (D:5)
  2 adders (D:4)
  A shadow imp (D:6)
  2 ufetubi
  2 worms
  5 dart slugs
  12 orcs
  5 endoplasms
  3 giant cockroaches
  8 goblins
  7 hobgoblins
  12 jackals
  5 quokkas
  7 ball pythons
  10 bats
  6 kobolds
  5 rats
122 creatures vanquished.

Notes
Turn   | Place    | Note
-------+----------+-------------------------------------------
     0 | D:1      | lunkers the Ghoul Warper began the quest for the Orb.
     0 | D:1      | Reached XP level 1. HP: 17/17 MP: 2/2
   128 | D:1      | Reached XP level 2. HP: 10/24 MP: 3/3
   362 | D:1      | Found a faded altar of an unknown god.
   378 | D:1      | Reached skill level 3 in Unarmed Combat
  1262 | D:2      | Reached XP level 3. HP: 29/29 MP: 4/4
  1480 | D:2      | Reached skill level 4 in Unarmed Combat
  1814 | D:2      | Noticed Terence
  1838 | D:2      | Killed Terence
  1839 | D:2      | Reached XP level 4. HP: 14/36 MP: 5/5
  2184 | D:2      | Reached skill level 5 in Unarmed Combat
  2312 | D:2      | Found a runed translucent door.
  2313 | D:2      | Noticed Crazy Yiuf
  2970 | D:3      | Identified a scroll of acquirement
  2970 | D:3      | Acquired the +3 pair of seven-league boots {Rampage+∞}
  2971 | D:3      | Found the +3 pair of seven-league boots {Rampage+∞}
  3378 | D:4      | Noticed an ogre
  3403 | D:4      | Killed an ogre
  3404 | D:4      | Reached skill level 6 in Unarmed Combat
  3404 | D:4      | Reached XP level 5. HP: 4/41 MP: 6/6
  3754 | D:4      | Found a staircase to the Ecumenical Temple.
  3773 | D:4      | Reached skill level 7 in Unarmed Combat
  3773 | D:4      | Reached XP level 6. HP: 42/48 MP: 7/7
  3779 | Temple   | Entered the Ecumenical Temple
  4553 | D:4      | Found a sacrificial altar of Ru.
  4623 | D:4      | Found Fowibuf's Book Emporium.
  4687 | D:4      | Noticed Eustachio
  4722 | D:4      | Killed Eustachio
  4723 | D:4      | Reached skill level 8 in Unarmed Combat
  4723 | D:4      | Reached XP level 7. HP: 37/55 MP: 8/8
  4845 | D:4      | Found a snail-covered altar of Cheibriados.
  4863 | D:4      | Became a worshipper of Cheibriados the Contemplative
  5152 | D:5      | Entered Level 5 of the Dungeon
  5171 | D:5      | Found a broken altar of Ashenzari.
  5240 | D:5      | Reached skill level 9 in Unarmed Combat
  5349 | D:5      | Found a glowing drain.
  5413 | Sewer    | Entered a sewer
  5429 | Sewer    | Reached * piety under Cheibriados
  5447 | Sewer    | Noticed Purgy
  5453 | Sewer    | Killed Purgy
  5454 | Sewer    | Reached XP level 8. HP: 61/61 MP: 9/9
  5645 | D:5      | Reached skill level 10 in Unarmed Combat
  6094 | D:6      | Reached skill level 11 in Unarmed Combat
  6123 | D:6      | Found a runed translucent gate.
  6123 | D:6      | Found a runed translucent gate.
  6123 | D:6      | Found a runed translucent gate.
  6123 | D:6      | Found an opulent altar of Gozag.
  6125 | D:6      | Noticed quinnr's ghost (novice TeAE)
  6380 | D:6      | Found Acrihial's General Store.
  6420 | D:6      | Found Beeckott's General Store.
  6483 | D:6      | Killed from afar by an orc priest

Illustrated notes

Levels and vault maps discovered:
D:1:      tarquinn_simple_flora_water_a, layout_loops_ring,
          hellmonk_ecumenical_altar_lost_god, minmay_misc_feat_roman
D:2:      layout_loops_cross, minivault_24, uniq_terence,
          uniq_crazy_yiuf_cottage
D:3:      layout_basic
D:4:      layout_loops_cross, cheibrodos_worm_habitat,
          grunt_temple_overflow_open, minmay_temple_entry_gardened_gates,
          serial_shops, shop, uniq_eustachio
D:5:      layout_basic, nicolae_ashenzari_skybound, portal_sewer_entry_f
D:6:      layout_rooms, trog_three_pillars_becter, ebering_ghost_gozag,
          serial_shops, shop, nicolae_shop_crystal, shop
Temple:   cyrus_circular_temple

Skill      XL: |  1  2  3  4  5  6  7  8 |
---------------+-------------------------+-----
Unarmed Combat | 3 4 6 7 8 9 11 | 11.9
Fighting       | |  2.1
Throwing       | |  0.8
Armour         | |  0.8
Dodging        | |  1.7
Spellcasting   | |  1.7
Translocations | |  2.6

Action                   |  1- 3 |  4- 6 |  7- 9 || total
-------------------------+-------+-------+-------++-------
Melee: Unarmed           |   186 |   217 |   204 ||   607
       Punch             |       |       |     4 ||     4
Throw: Stone             |    61 |    31 |    25 ||   117
       Dart              |       |     7 |     3 ||    10
       Boomerang         |       |     1 |       ||     1
  Use: Scroll            |       |     8 |     9 ||    17
Armor: Leather armour    |    59 |       |       ||    59
       Scale mail        |       |   139 |   102 ||   241
Dodge: Dodged            |    99 |    79 |   103 ||   281

Table legend: (Time is in decaauts)
 A = Elapsed time spent in this place.
 B = Non-inter-level travel time spent in this place.
 C = Inter-level travel time spent in this place.
 D = Time resting spent in this place.
 E = Time spent auto-exploring this place.
 F = Levels seen in this place.
 G = Mean time per level.
                   A        B        C        D        E       F      G
               +--------+--------+--------+--------+--------+-----+--------+
         Total |   6735 |   6525 |    210 |    158 |   4975 |   8 |  841.9 |
       Dungeon |   6528 |   6324 |    204 |    158 |   4842 |   6 | 1088.0 |
        Temple |     94 |     88 |      6 |      0 |     72 |   1 |   94.0 |
         Sewer |    112 |    112 |      0 |      0 |     61 |   1 |  112.0 |
               +--------+--------+--------+--------+--------+-----+--------+

Top non-repeatable levels by time:
     D:4: 1732 daAuts
     D:2: 1291 daAuts
     D:1: 1249 daAuts
     D:5: 878 daAuts
     D:3: 856 daAuts
     D:6: 519 daAuts
   Sewer: 112 daAuts
  Temple: 94 daAuts
